 Dungeon Crawl Stone Soup version 0.24-a0-307-gf989941 (webtiles) character file.

Game seed: 13511277016453528543

70 Iscandelvey the Vexing (level 4, 31/32 HPs)
             Began as a Demonspawn Arcane Marksman on May 12, 2019.
             Quit the game on level 2 of the Dungeon.
             The game lasted 00:05:00 (1348 turns).

Iscandelvey the Vexing (Demonspawn Arcane Marksman) Turns: 1348, Time: 00:05:01

Health: 31/32      AC:  4    Str: 10    XL:     4   Next: 3%
Magic:  2/6        EV: 12    Int: 15    God:
Gold:   46         SH:  3    Dex: 14    Spells: 3/6 levels left

rFire    . . .     SeeInvis .   g - +1 dagger (elec)
rCold    . . .     Gourm    .   l - +0 buckler
rNeg     . . .     Faith    .   e - +0 robe
rPois    .         Spirit   .   (helmet restricted)
rElec    .         Reflect  .   (no cloak)
rCorr    .         Harm     .   i - +0 pair of gloves
MR       .....                  j - +0 pair of boots
Stlth    ++........             (no amulet)
HPRegen  0.10/turn              (no ring)
MPRegen  0.10/turn              (no ring)

@: no status effects
A: antennae 1, nightstalker 1, powered by death 1
a: no special abilities


You were on level 2 of the Dungeon.
You were not hungry.

You visited 1 branch of the dungeon, and saw 2 of its levels.

You collected 46 gold pieces.

Inventory:

Hand Weapons
 a - a +0 hand crossbow
 g - a +1 dagger of electrocution (weapon)
Missiles
 d - 20 bolts
 n - 6 poisoned darts (quivered)
Armour
 e - a +0 robe (worn)
 i - a +0 pair of gloves (worn)
 j - a +0 pair of boots (worn)
 l - a +0 buckler (worn)
Jewellery
 k - a +4 ring of intelligence {unknown}
Scrolls
 c - 2 scrolls of remove curse {unknown}
 h - 2 scrolls of teleportation {unknown}
 m - a scroll of enchant weapon {unknown}
Potions
 b - 3 potions of degeneration {unknown}
 o - a potion of curing {unknown}
 p - a potion of mutation {unknown}
Comestibles
 f - 3 rations
 q - 2 chunks of flesh


   Skills:
 - Level 1.0 Fighting
 * Level 2.6 Crossbows
 + Level 2.3 Dodging
 * Level 0.6 Shields
 * Level 1.7 Spellcasting
 + Level 3.4 Hexes


You had 3 spell levels left.
You knew the following spells:

 Your Spells              Type           Power        Failure   Level  Hunger
a - Corona                Hex            ##.....      9%          1    ##.....
b - Slow                  Hex            ##......     13%         2    ###....

Your spell library contained the following spells:

 Spells                   Type           Power        Failure   Level  Hunger
 Inner Flame              Hex/Fire       #.......     45%         3    ####...
 Portal Projectile        Hex/Tloc       #.....       45%         3    ####...
 Cause Fear               Hex            ##........   63%         4    #####..
 Leda's Liquefaction      Hex/Erth       #.........   86%         4    #####..


Dungeon Overview and Level Annotations

Branches:
Dungeon (2/15)

Altars:


Innate Abilities, Weirdness & Mutations

You have a pair of small antennae on your head.
You are slightly more attuned to the shadows.
You regenerate a little health from kills.


Message History

A rat comes into view.
The leopard gecko bites you but does no damage.
You closely miss the leopard gecko.
The leopard gecko bites you but does no damage.
You hit the leopard gecko but do no damage.
Lightning courses through the leopard gecko!!
You kill the leopard gecko!
You have reached level 4!
You feel agile.
Your demonic ancestry asserts itself...
You slip into the darkness of the dungeon.
You hit the rat but do no damage. You block the rat's attack.
You hit the rat but do no damage. The rat bites you.
You hit the rat but do no damage. Lightning courses through the rat!
You kill the rat!
You see here a leopard gecko corpse.
You butcher the leopard gecko corpse.
q - 2 chunks of flesh (gained 1)
You see here a leopard gecko skeleton.
Found an escape hatch in the floor.
Are you sure you want to abandon this character and quit the game? (Confirm with "yes".)

#.####. ....... #
#..... #.####.... ..
#. ...#..##.##
#.#.####.#.......
#........÷@.#
#.######.#......>
####
#..##..#.##.####.
.....##.##..#.##.####
...........÷.........
....##.##.##..######
. #..#.....#
##.####.... #÷#
#.....


There were no monsters in sight!

Vanquished Creatures
  2 adders (D:2)
  An ooze (D:2)
  A dart slug (D:1)
  A leopard gecko (D:2)
  4 giant cockroaches (D:1)
  5 hobgoblins
  4 jackals (D:1)
  5 kobolds (D:1)
  4 bats (D:1)
  7 frilled lizards
  5 goblins
  3 rats
42 creatures vanquished.

Notes
Turn   | Place    | Note
-------+----------+-------------------------------------------
     0 | D:1      | Iscandelvey the Demonspawn Arcane Marksman began the quest
                  | for the Orb.
     0 | D:1      | Reached XP level 1. HP: 15/15 MP: 2/2
   184 | D:1      | Gained mutation: You regenerate a little health from kills.
                  | [demonic ancestry]
   184 | D:1      | Reached XP level 2. HP: 21/21 MP: 3/3
   192 | D:1      | Learned a level 2 spell: Slow
   660 | D:1      | Gained mutation: You have a pair of small antennae on your
                  | head. [demonic ancestry]
   660 | D:1      | Reached XP level 3. HP: 21/26 MP: 3/5
  1339 | D:2      | Gained mutation: You are slightly more attuned to the
                  | shadows. [demonic ancestry]
  1339 | D:2      | Reached XP level 4. HP: 32/32 MP: 1/6
  1348 | D:2      | Quit the game

Levels and vault maps discovered:
D:1:      matt_arrival_los_fun, layout_basic
D:2:      minmay_roachtagon, layout_basic, lemuel_round_altar, first_ration

Skill      XL: |  1  2 |
---------------+-------+-----
Dodging        | 2 |  2.3
Crossbows      | 2 |  2.6
Fighting       | |  1.0
Shields        | |  0.6
Spellcasting   | |  1.7
Hexes          | |  3.4

Action                   |  1- 3 |  4- 6 || total
-------------------------+-------+-------++-------
Melee: Dagger            |   103 |     3 ||   106
 Fire: Hand crossbow     |    14 |       ||    14
Throw: Dart              |    17 |       ||    17
 Cast: Slow              |     3 |       ||     3
       Corona            |     3 |       ||     3
 Stab: Sleeping          |     1 |       ||     1
  Eat: Chunk             |     2 |       ||     2
Armor: Robe              |    37 |       ||    37
Dodge: Dodged            |    80 |       ||    80
Block: Buckler           |    11 |     1 ||    12

Table legend:
 A = Non-vault XP
 B = Vault XP
 C = Vault XP percentage of total XP
 D = Non-vault monster count
 E = Vault monster count
 F = Vault count percentage of total count
                 A         B        C        D         E       F
            +---------+---------+-------+---------+---------+-------
      Total |     100 |       0 |   0.0 |      42 |       0 |   0.0
            +---------+---------+-------+---------+---------+-------
        D:1 |      56 |       0 |   0.0 |      32 |       0 |   0.0
        D:2 |      44 |       0 |   0.0 |      10 |       0 |   0.0
            +---------+---------+-------+---------+---------+-------
